 Dungeon Crawl Stone Soup version 0.17.1-3-g152610e (webtiles) character file.

1035 Malhgor the Chopper (level 8, -9/73 HPs)
             Began as a Deep Dwarf Fighter on Mar 19, 2016.
             Was a Follower of Makhleb.
             Mangled by an ogre
             ... wielding a cursed -1 giant club
              (24 damage)
             ... on level 5 of the Dungeon.
             The game lasted 00:17:25 (3612 turns).

Malhgor the Chopper (Deep Dwarf Fighter)            Turns: 3612, Time: 00:17:25

Health: -9/73      AC: 14    Str: 20    XL:     8   Next: 3%
Magic:  8/8        EV:  6    Int:  9    God:    Makhleb [*.....]
Gold:   239        SH: 10    Dex: 14    Spells: 0 memorised, 7 levels left

rFire  . . .     SeeInvis .     a - +0 broad axe
rCold  . . .     Clarity  .     H - +0 chain mail
rNeg   . . .     SustAt   .     c - +0 shield
rPois  .         Gourm    .     G - +2 helmet
rElec  .         Spirit   .     p - +0 cloak
rCorr  .         Warding  .     (no gloves)
rMut   .         Stasis   .     n - +0 pair of boots
MR     +....                    (no amulet)
Stlth  ..........               (no ring)
                                (no ring)

@: non-regenerating, somewhat resistant to hostile enchantments, extremely
unstealthy
A: damage resistance, recharge devices, sense surroundings 1, slow regeneration
3
a: Device Recharging, Renounce Religion


You were on level 5 of the Dungeon.
You worshipped Makhleb.
Makhleb was aware of your devotion.
You were hungry.

You visited 1 branch of the dungeon, and saw 6 of its levels.

You collected 239 gold pieces.

Inventory:

Hand Weapons
 a - a +0 broad axe (weapon)
 b - a +0 hand axe
 j - a +0 mace
Missiles
 t - 23 poisoned bolts
 A - 6 bolts of penetration
 C - 13 bolts of frost
 F - 24 bolts
Armour
 c - a +0 shield (worn)
 k - a +0 scale mail
 n - a +0 pair of boots (worn)
 p - a +0 cloak (worn)
 G - a +2 helmet (worn)
 H - a +0 chain mail (worn)
Jewellery
 l - an uncursed ring of see invisible {unknown}
 x - an uncursed ring of positive energy {unknown}
Wands
 d - a wand of slowing (0)
 e - a wand of heal wounds (2)
Scrolls
 i - 4 scrolls of identify {unknown}
 q - 6 scrolls of teleportation {unknown}
 s - a scroll of recharging {unknown}
 u - a scroll of fog {unknown}
 v - 2 scrolls of remove curse {unknown}
 y - a scroll of fear {unknown}
 B - a scroll of enchant weapon {unknown}
Potions
 g - a potion of brilliance {unknown}
 m - a potion of resistance {unknown}
 o - 2 potions of mutation {unknown}
 r - 2 potions of curing {unknown}
 w - a potion of flight {unknown}
 E - a potion of magic {unknown}
Comestibles
 f - 5 bread rations
 h - a beef jerky
 z - a meat ration
 D - 4 chunks of flesh


   Skills:
 + Level 4.7 Fighting
 * Level 7.1 Axes
 + Level 3.6 Armour
 + Level 1.2 Dodging
 + Level 5.7 Shields
 + Level 2.2 Invocations
 + Level 2.0 Evocations


You had 7 spell levels left.
You didn't know any spells.

Dungeon Overview and Level Annotations

Branches:
Dungeon (6/15)
 Temple: D:4-7

Altars:
Dithmenos
Makhleb
Ru
Trog
Xom
Yredelemnul

Annotations:
D:1 Done
D:2 Done
D:3 Done
D:4 Done
D:5 1 runed door


Innate Abilities, Weirdness & Mutations

You are resistant to damage.
You can recharge devices by infusing magical energy.
You passively map a small area around you.
You do not regenerate naturally.


Message History

You block the ogre's attack.
You hit the ogre but do no damage.
The ogre is severely wounded.
You slash the worker ant zombie!
You block the worker ant zombie's attack.
The ogre hits you with a giant club.
* * * LOW HITPOINT WARNING * * *
The worker ant zombie bites you but does no damage.
You closely miss the ogre.
The ogre is severely wounded.
You slash the worker ant zombie!
The worker ant zombie bites you but does no damage.
You block the ogre's attack.
Some of the chunks of flesh in your inventory have rotted away.
You hit the ogre.
The ogre is severely wounded.
You barely miss the worker ant zombie.
The worker ant zombie barely misses you.
The ogre hits you with a giant club!!
You die...

##>#.#* *,
##.###.##
, * #.##
#.#
##.###.##
, ##.#.#*
##..#
##..# * *
#
#...######
, ..
#.@.......
..
#.OZ######
.. .......
* * ..
#.......#
..
#.......#
.
###...#!#
#...#.#
.......


You could see an ogre and a worker ant zombie.

Vanquished Creatures
  Sigmund (D:3)
  Eustachio (D:4)
  A phantom (D:4)
  2 scorpions
  2 centaur skeletons (D:4)
  Crazy Yiuf (D:2)
  3 orc priests (D:4)
  2 hounds (D:4)
  2 giant frog skeletons (D:5)
  An iguana (D:5)
  An orc wizard (D:4)
  2 worker ants (D:4)
  2 hound skeletons
  5 adders
  An ooze (D:3)
  A worm (D:4)
  5 giant geckos
  4 orcs (D:4)
  2 giant cockroaches
  8 goblins
  14 hobgoblins
  13 jackals
  5 kobolds
  4 quokkas
  3 ball pythons
  4 bats
  4 giant newts
  3 rats
  A fungus (D:2)
98 creatures vanquished.

Notes
Turn   | Place    | Note
--------------------------------------------------------------
     0 | D:1      | Malhgor the Deep Dwarf Fighter began the quest for the Orb.
     0 | D:1      | Reached XP level 1. HP: 20/20 MP: 1/1
   175 | D:1      | Reached XP level 2. HP: 27/27 MP: 2/2
   479 | D:2      | Found a basalt altar of Yredelemnul.
   622 | D:2      | Reached XP level 3. HP: 30/33 MP: 3/3
   662 | D:2      | Noticed Crazy Yiuf
   676 | D:2      | Killed Crazy Yiuf
   676 | D:2      | Reached skill level 4 in Shields
  1166 | D:2      | Reached XP level 4. HP: 33/42 MP: 4/4
  1657 | D:2      | Found a sacrificial altar of Ru.
  1824 | D:3      | Noticed Sigmund
  1878 | D:5      | Entered Level 5 of the Dungeon
  1937 | D:5      | Reached XP level 5. HP: 29/49 MP: 5/5
  2081 | D:3      | Killed Sigmund
  2081 | D:3      | Reached skill level 5 in Axes
  2081 | D:3      | Reached XP level 6. HP: 26/57 MP: 6/6
  2218 | D:3      | Found a burning altar of Makhleb.
  2218 | D:3      | Noticed a balrug
  2221 | D:3      | Noticed an orange demon
  2221 | D:3      | Noticed a ynoxinul
  2223 | D:3      | Became a worshipper of Makhleb the Destroyer
  2286 | D:3      | Found a shimmering altar of Xom.
  2287 | D:3      | Found a shimmering altar of Xom.
  2288 | D:3      | Found a shimmering altar of Xom.
  2291 | D:3      | Found a shimmering altar of Xom.
  2664 | D:4      | Found a shadowy altar of Dithmenos.
  2671 | D:4      | Found a bloodstained altar of Trog.
  2673 | D:4      | Noticed a phantom
  2698 | D:4      | Reached skill level 5 in Shields
  2710 | D:4      | Killed a phantom
  2710 | D:4      | Reached skill level 6 in Axes
  2729 | D:4      | Reached XP level 7. HP: 28/64 MP: 7/7
  2877 | D:4      | Noticed Eustachio
  2975 | D:4      | Killed Eustachio
  2975 | D:4      | Reached skill level 1 in Invocations
  2975 | D:4      | Reached skill level 1 in Evocations
  3003 | D:4      | Reached * piety under Makhleb
  3015 | D:4      | Reached skill level 1 in Dodging
  3065 | D:4      | You fall through a shaft!
  3065 | D:5      | Found a runed door.
  3081 | D:5      | Reached skill level 7 in Axes
  3575 | D:6      | HP: 2/66 [orc priest/divine providence (15)]
  3584 | D:5      | Reached XP level 8. HP: 29/73 MP: 8/8
  3600 | D:5      | Noticed an ogre
  3612 | D:5      | Mangled by an ogre

Action                   |  1- 3 |  4- 6 |  7- 9 || total
-------------------------+-------+-------+-------++-------
Melee: War axe           |    35 |       |       ||    35
       Hand axe          |    99 |    82 |       ||   181
       Broad axe         |       |    50 |   172 ||   222
 Abil: Device Recharging |       |       |     1 ||     1
Evoke: Wand              |     1 |     2 |     5 ||     8
  Use: Potion            |       |     1 |       ||     1
  Eat: Chunk             |     1 |     5 |     3 ||     9
